 Dungeon Crawl Stone Soup version 0.24-a0-584-g9d6b971 (webtiles) character file.

Game seed: 17087489059945544936, levelgen mode: deterministic

5520 BoppinsLewinski the Grappler (level 10, -5/126 HPs)
             Began as a Demigod Fighter on Aug 31, 2019.
             Slain by a death yak (7 damage)
             ... on level 10 of the Dungeon on Sept 1, 2019.
             The game lasted 00:32:19 (10143 turns).

BoppinsLewinski the Grappler (Demigod Fighter)     Turns: 10143, Time: 00:32:20

Health: -5/126     AC: 16    Str: 30    XL:     10   Next: 20%
Magic:  13/13      EV:  8    Int: 12    God:
Gold:   610        SH: 12    Dex: 15    Spells: 9/9 levels left

rFire    . . .     SeeInvis .     - Unarmed
rCold    . . .     Gourm    .   b - +0 shield
rNeg     . . .     Faith    .   A - +0 plate armour
rPois    .         Spirit   .   B - +1 helmet
rElec    .         Reflect  .   (no cloak)
rCorr    .         Harm     .   a - +0 pair of gloves
MR       +....                  (no boots)
Stlth    ..........             (no amulet)
HPRegen  0.31/turn              (no ring)
MPRegen  0.13/turn              (no ring)

@: berserking, studying Earth Magic, very quick
A: high mp 1
a: no special abilities


You were on level 10 of the Dungeon.
You were not hungry.

You visited 1 branch of the dungeon, and saw 10 of its levels.

You collected 610 gold pieces.

Inventory:

Armour
 a - a +0 pair of gloves (worn)
 b - a +0 shield (worn)
 A - a +0 plate armour (worn)
 B - a +1 helmet (worn)
Jewellery
 i - an uncursed ring of see invisible {unknown}
 m - an uncursed amulet of faith {unknown}
 q - an uncursed ring of fire
 y - an uncursed amulet of magic regeneration {unknown}
Wands
 C - a wand of paralysis (10)
Scrolls
 g - 4 scrolls of amnesia {unknown}
 h - 4 scrolls of teleportation
 k - 2 scrolls of blinking {unknown}
 l - 6 scrolls of fog {unknown}
 n - 2 scrolls of random uselessness {unknown}
 o - 2 scrolls of enchant armour {unknown}
 r - 5 scrolls of remove curse {unknown}
 w - a scroll of noise {unknown}
 D - 2 scrolls of enchant weapon {unknown}
Potions
 e - a potion of flight
 f - a potion of berserk rage
 j - a potion of magic
 p - 4 potions of curing
 t - a potion of ambrosia {unknown}
 u - a potion of mutation {unknown}
 v - 6 potions of lignification {unknown}
 x - a potion of haste {unknown}
Books
 c - a manual of Earth Magic
Miscellaneous
 z - a lightning rod (4/4)
Comestibles
 d - 10 rations


   Skills:
 + Level 6.4 Fighting
 + Level 6.4 Armour
 + Level 3.5 Dodging
 + Level 6.4 Shields
 * Level 9.6 Unarmed Combat


You had 9 spell levels left.
You didn't know any spells.
Your spell library contained the following spells:

 Spells                   Type           Power        Failure   Level  Hunger
 Animate Skeleton         Necr           N/A          100%        1    ##.....
 Apportation              Tloc           #.....       100%        1    ##.....
 Confusing Touch          Hex            #.....       100%        1    ##.....
 Summon Small Mammal      Summ           #...         100%        1    ##.....


Dungeon Overview and Level Annotations

Branches:
Dungeon (10/15)            Temple (0/1) D:5            Lair (0/6) D:10
    Orc: D:9-12

Shops:
D:10 (


Innate Abilities, Weirdness & Mutations

You have an increased reservoir of magic. (+10% MP)


Message History

Ye feel very buoyant.
Ye fly up inta tha air.
Tha death yak gores ye!
* * * LOW HITPOINT WARNIN'
* * * It was a potion o' curin'.
Ye feel better.
Tha death yak gores ye!
* * * LOW HITPOINT WARNIN'
* * * It was a potion o' cancellation.
Yer magical effects be unravellin'.
Ye feel magic'lly purged.
Ye float gracefully downwards.
Ye feel a little less mighty now.
Tha death yak gores ye!
* * * LOW HITPOINT WARNIN'
* * * It was a potion o' berserk rage.
A red film seems ta co'er yer vision as ye go berserk!
Ye feel yerself movin' faster!
Ye feel mighty!
Tha death yak gores ye!
* * * LOW HITPOINT WARNIN'
* * * Ye be too berserk!
Ye barely miss tha death yak.
Tha death yak be almost dead.
Tha death yak gores ye!
Ye die...

#.))...................##.....
.............).....#.##...##..
####..#########.....#........#
#..# #.....#.†..##...# #..#
#.....#.†.......# #..#
#....#....#.##..# #..#
##...#..#.......###
####..#########..#...#.#........
................@#.#...#........
###.............#Yl#............
#.###########.#Y.........####
#.# #########.l.## #.# ##..# #.#
#..# #.# #..# #.# #Y.# #.# #..#


You could see a death yak, an elephant and a basilisk.

Vanquished Creatures
  A cyclops (D:8)
  A troll (D:9)
  2 hippogriffs
  A wyvern (D:10)
  A black bear (D:10)
  2 ice beasts (D:5)
  6 sky beasts
  3 orc warriors
  3 phantoms
  5 centaurs
  4 ogres
  A necrophage (D:7)
  2 big kobolds
  A bullfrog (D:7)
  A gnoll sergeant (D:8)
  2 water moccasin skeletons
  10 killer bees
  2 scorpions
  5 wights (D:6)
  A howler monkey (D:6)
  A crimson imp (D:8)
  A bullfrog zombie (D:8)
  6 hounds
  2 jellies
  An orc priest (D:10)
  2 bullfrog skeletons
  A centaur skeleton (D:7)
  4 orc wizards
  3 iguanas
  7 worker ants
  3 gnolls (D:8)
  10 adders
  3 shadow imps
  2 oozes
  An adder zombie (D:8)
  An adder skeleton (D:9)
  2 worms
  4 dart slugs
  4 leopard geckos
  29 orcs
  4 ball pythons
  4 bats
  8 giant cockroaches
  10 goblins
  3 hobgoblins
  7 jackals (D:9)
  18 kobolds
  3 quokkas
  8 frilled lizards
  A jackal skeleton (D:4)
  A leopard gecko skeleton (D:7)
  6 rats
214 creatures vanquished.

Notes
Turn   | Place    | Note
-------+----------+-------------------------------------------
     0 | D:1      | BoppinsLewinski the Demigod Fighter began the quest for the
                  | Orb.
     0 | D:1      | Reached XP level 1. HP: 18/18 MP: 3/3
    90 | D:1      | Reached skill level 2 in Unarmed Combat
   157 | D:1      | Reached XP level 2. HP: 25/25 MP: 4/4
   270 | D:1      | Reached skill level 3 in Unarmed Combat
   747 | D:2      | Found a sacrificial altar of Ru.
   761 | D:2      | Found a bloodstained altar of Trog.
   773 | D:2      | Found a shattered altar of Ashenzari.
   794 | D:2      | Found a sparkling altar of Nemelex Xobeh.
   862 | D:2      | Found a stormy altar of Qazlal.
   892 | D:2      | Found a white marble altar of Elyvilon.
   945 | D:2      | Reached XP level 3. HP: 30/30 MP: 5/5
   972 | D:2      | Found a basalt altar of Yredelemnul.
  1428 | D:2      | Found a burning altar of Makhleb.
  1545 | D:3      | Reached skill level 4 in Unarmed Combat
  1584 | D:3      | Reached XP level 4. HP: 28/37 MP: 6/6
  2878 | D:3      | Reached XP level 5. HP: 42/42 MP: 7/7
  3051 | D:4      | Noticed a phantom
  3163 | D:4      | Killed a phantom
  3163 | D:4      | Reached skill level 5 in Unarmed Combat
  3374 | D:4      | Reached XP level 6. HP: 18/51 MP: 8/8
  4340 | D:5      | Entered Level 5 of the Dungeon
  4382 | D:5      | Found a basalt altar of Yredelemnul.
  4704 | D:5      | Reached skill level 6 in Unarmed Combat
  4704 | D:5      | Reached XP level 7. HP: 58/58 MP: 9/9
  4717 | D:5      | Found a staircase to the Ecumenical Temple.
  5010 | D:5      | Found a shadowy altar of Dithmenos.
  5130 | D:5      | Found a glowing golden altar of the Shining One.
  5761 | D:6      | Reached XP level 8. HP: 51/67 MP: 10/10
  5818 | D:6      | Reached skill level 7 in Unarmed Combat
  5865 | D:6      | Found a snail-covered altar of Cheibriados.
  5982 | D:6      | Found an opulent altar of Gozag.
  6346 | D:7      | Reached skill level 5 in Shields
  6410 | D:7      | Reached skill level 5 in Fighting
  6410 | D:7      | Reached skill level 5 in Armour
  6437 | D:7      | Reached skill level 8 in Unarmed Combat
  6531 | D:7      | Noticed a hippogriff
  6553 | D:7      | Killed a hippogriff
  6553 | D:7      | Reached XP level 9. HP: 37/74 MP: 11/11
  6993 | D:7      | Reached skill level 1 in Dodging
  7391 | D:8      | Noticed a cyclops
  7853 | D:8      | Killed a cyclops
  8316 | D:8      | Reached skill level 9 in Unarmed Combat
  9281 | D:9      | Reached XP level 10. HP: 37/83 MP: 13/13
  9320 | D:9      | Found a hazy altar of Hepliaklqana.
  9862 | D:10     | Entered Level 10 of the Dungeon
  9907 | D:10     | Found Enleisto's Weapon Emporium.
 10109 | D:10     | Found a staircase to the Lair.
 10109 | D:10     | Noticed a death yak
 10109 | D:10     | Noticed an elephant
 10142 | D:10     | HP: 2/126 [death yak (12)]
 10143 | D:10     | Slain by a death yak

Levels and vault maps discovered:
D:1:      moated_graveyard_arrival, layout_loops_ring
D:2:      mumra_celtic_spiral_tile, layout_basic, kennysheep_ying_yang,
          old_standard_altar, grunt_temple_overflow_open,
          lightli_temple_of_fire, nicolae_qazlal_general_emergency,
          first_ration, minmay_stone_trees_small
D:3:      minmay_evil_eye, layout_rooms, minmay_circle_x
D:4:      layout_loops_ring, minmay_manual_mail
D:5:      layout_basic, lemuel_crystal_altar, nicolae_overflow_hidden_temple,
          minmay_temple_entry_sparse_star, basic_altar
D:6:      layout_rooms, cheibriados_altar_1, marbit_many_paths,
          kennysheep_windowed_goal
D:7:      layout_loops_ring
D:8:      layout_basic
D:9:      layout_loops_cross, lemuel_coloured_pillars_altar
D:10:     layout_long_grid, david_lair_generic, serial_shops,
          nicolae_shop_stone, blue_anna_alchemist [blue_anna_fruit_fields,
          blue_anna_fruit_fields], hangedman_decor_peaks_small

Skill      XL: |  1  2  3  4  5  6  7  8  9 |
---------------+----------------------------+-----
Unarmed Combat | 2 3 4 5 6 8 9 |  9.6
Fighting       | 3 4 5 6 |  6.4
Armour         | 3 4 5 6 |  6.4
Shields        | 3 4 5 6 |  6.4
Dodging        | 3 |  3.5

Action                   |  1- 3 |  4- 6 |  7- 9 | 10-12 || total
-------------------------+-------+-------+-------+-------++-------
Melee: Unarmed           |   114 |   260 |   600 |    84 ||  1058
  Use: Potion            |       |     1 |     7 |     6 ||    14
       Scroll            |       |     5 |     1 |       ||     6
  Eat: Chunk             |     1 |     8 |     5 |     3 ||    17
       Ration            |       |     1 |     3 |       ||     4
Armor: Scale mail        |    31 |       |       |       ||    31
       Chain mail        |    20 |    97 |    38 |       ||   155
       Plate armour      |       |       |   259 |    39 ||   298
Dodge: Dodged            |    25 |    38 |    99 |    16 ||   178
Block: Shield            |    50 |   109 |   298 |    46 ||   503

Table legend:
 A = Non-vault XP
 B = Vault XP
 C = Vault XP percentage of total XP
 D = Non-vault monster count
 E = Vault monster count
 F = Vault count percentage of total count
                 A         B        C        D         E       F
            +---------+---------+-------+---------+---------+-------
      Total |    7664 |     222 |   2.8 |     202 |      12 |   5.6
            +---------+---------+-------+---------+---------+-------
        D:1 |      40 |       0 |   0.0 |      22 |       0 |   0.0
        D:2 |      17 |       0 |   0.0 |       7 |       0 |   0.0
        D:3 |     163 |      18 |   9.9 |      22 |       9 |  29.0
        D:4 |     306 |      71 |  18.8 |      13 |       2 |  13.3
        D:5 |     723 |       0 |   0.0 |      12 |       0 |   0.0
        D:6 |     617 |     133 |  17.7 |      15 |       1 |   6.2
        D:7 |    1478 |       0 |   0.0 |      31 |       0 |   0.0
        D:8 |    2316 |       0 |   0.0 |      45 |       0 |   0.0
        D:9 |    1356 |       0 |   0.0 |      27 |       0 |   0.0
       D:10 |     648 |       0 |   0.0 |       8 |       0 |   0.0
            +---------+---------+-------+---------+---------+-------
